 Dungeon Crawl Stone Soup version 0.23.2-40-g277498a001 (webtiles) character file.

Game seed: 7852358701769089362

1219 Kukuleta the Cudgeler (level 8, -3/52 HPs)
             Began as a Gargoyle Fighter on Sept 18, 2019.
             Was a Follower of the Shining One.
             Incinerated by Delarado's ghost (6 damage)
             ... with a sticky flame
             ... on level 5 of the Dungeon.
             The game lasted 00:23:50 (5987 turns).

Kukuleta the Cudgeler (Gargoyle Fighter)            Turns: 5987, Time: 00:23:51

Health: -3/52      AC: 13    Str: 20    XL:     8   Next: 47%
Magic:  9/9        EV:  7    Int: 11    God:    the Shining One [*.....]
Gold:   213        SH:  9    Dex:  9    Spells: 7/7 levels left

rFire    . . .     SeeInvis .   a - +0 flail
rCold    . . .     Gourm    .   c - +0 shield
rNeg     + . .     Faith    .   b - +0 scale mail
rPois    ∞         Spirit   .   (no helmet)
rElec    +         Reflect  .   r - +0 cloak
rCorr    .         Harm     .   (no gloves)
MR       .....                  (no boots)
Stlth    ..........             (no amulet)
HPRegen  0.17/turn              (no ring)
MPRegen  0.11/turn              (no ring)

@: liquid flames, glowing
A: negative energy resistance 1, electricity resistance, unbreathing,
petrification resistance, rot immunity, AC +5
a: Renounce Religion


You were on level 5 of the Dungeon.
You worshipped the Shining One.
The Shining One was aware of your devotion.
You were not hungry.

You visited 1 branch of the dungeon, and saw 5 of its levels.

You collected 213 gold pieces.

Inventory:

Hand Weapons
 a - a +0 flail (weapon)
 j - the +5 quarterstaff of Context {freeze, Dex+4, unknown}
   (You found it on level 4 of the Dungeon)

   It has been specially enchanted to freeze those struck by it, causing extra
   injury to most foes and up to half again as much damage against particularly
   susceptible opponents.
   It can also slow down cold-blooded creatures.
   It affects your dexterity (+4).
Missiles
 i - 137 stones (quivered)
Armour
 b - a +0 scale mail (worn)
 c - a +0 shield (worn)
 r - a +0 cloak (worn)
 w - a +2 ring mail of fire resistance
Jewellery
 g - an uncursed ring of magical power {unknown}
 q - an uncursed ring of ice {unknown}
 t - a +1 ring of protection {unknown}
 u - an uncursed amulet of the acrobat
Scrolls
 e - 2 scrolls of remove curse
 n - a scroll of identify
 p - 2 scrolls of immolation {unknown}
 s - a scroll of enchant weapon {unknown}
Potions
 h - a potion of magic
 k - a potion of invisibility {unknown}
 m - a potion of haste {unknown}
 o - a potion of ambrosia {unknown}
 v - 3 potions of brilliance {unknown}
Comestibles
 f - 3 rations


   Skills:
 + Level 6.8 Fighting
 * Level 7.9 Maces & Flails
 - Level 3.5 Armour
 - Level 0.1 Dodging
 - Level 3.4 Shields
 + Level 2.5 Invocations


You had 7 spell levels left.
You didn't know any spells.
Your spell library was empty.

Dungeon Overview and Level Annotations

Branches:
Dungeon (5/15)             Temple (0/1) D:4

Altars:
Ashenzari
Cheibriados
Kikubaaqudgha
Makhleb
Nemelex Xobeh
Xom
Yredelemnul
The Shining One

Shops:
D:5 }[

Annotations:
D:5 Delarado's ghost, novice DEFE


Innate Abilities, Weirdness & Mutations

You are resistant to torment.
Your stone body is resilient. (AC +5)
You are immune to poison.
You resist negative energy. (rN+)
You are resistant to electric shocks. (rElec)
You can survive without breathing.
You are immune to petrification.
You are immune to rotting.


Message History

You are covered in liquid flames!
You closely miss Delarado's ghost.
Delarado's ghost is heavily damaged.
You are covered in liquid flames!
* * * LOW HITPOINT WARNING * * *
Delarado's ghost closely misses you.
You sock Delarado's ghost!
Delarado's ghost is almost destroyed.
You are covered in liquid flames!
* * * LOW HITPOINT WARNING * * *
You block Delarado's ghost's attack.
You hit Delarado's ghost but do no damage.
Delarado's ghost is almost destroyed.
You are covered in liquid flames!
* * * LOW HITPOINT WARNING * * *
Delarado's ghost whispers, "The ORB doesn't exist."
Delarado's ghost hits you but does no damage.
It was a potion of magic.
Magic courses through your body.
You are covered in liquid flames!
You die...

###########
########.........#####
##.......©............#
##..#############..#.#.##
#..#####..@W.#####...⌠.⌠###
#.###.%.#...#.#.###..._..##
#.##..#..###..#..##..⌠.⌠.##
##.###.#.#...#..%###..#...#.
#...#####..#..#####.........
#..###...#...#.#.###........
#..##..#..###..#..##........
#..###%#.#...#...###........
#...#####.$©((#####....#....


You could see Delarado's ghost.

Vanquished Creatures
  Sigmund (D:4)
  A necrophage (D:5)
  A phantom (D:4)
  2 scorpions (D:4)
  5 killer bees (D:5)
  A howler monkey (D:4)
  A crimson imp (D:3)
  A jelly (D:5)
  Crazy Yiuf (D:2)
  A bullfrog skeleton (D:4)
  2 orc priests (D:5)
  A hound (D:4)
  An orc wizard (D:5)
  2 worker ants (D:4)
  2 worker ant zombies (D:5)
  Robin (D:2)
  8 gnolls
  3 adders
  An adder zombie (D:5)
  2 adder skeletons
  5 leopard geckos
  10 orcs
  2 ball pythons (D:1)
  5 giant cockroaches
  18 goblins
  5 hobgoblins
  4 jackals (D:3)
  9 kobolds
  A quokka (D:2)
  7 bats
  8 frilled lizards
  5 rats
117 creatures vanquished.

Vanquished Creatures (others)
  14 toadstools (D:1)
14 creatures vanquished.

Grand Total: 131 creatures vanquished

Notes
Turn   | Place    | Note
-------+----------+-------------------------------------------
     0 | D:1      | Kukuleta the Gargoyle Fighter began the quest for the Orb.
     0 | D:1      | Reached XP level 1. HP: 14/14 MP: 1/1
   164 | D:1      | Reached XP level 2. HP: 19/19 MP: 2/2
   865 | D:1      | Reached XP level 3. HP: 23/24 MP: 3/3
  1458 | D:2      | Reached skill level 3 in Maces & Flails
  1478 | D:2      | Noticed Robin
  1515 | D:2      | Reached XP level 4. HP: 26/29 MP: 4/4
  1519 | D:2      | Killed Robin
  2017 | D:2      | Found a runed translucent door.
  2018 | D:2      | Noticed Crazy Yiuf
  2182 | D:2      | Killed Crazy Yiuf
  2240 | D:3      | Reached XP level 5. HP: 28/34 MP: 5/5
  2410 | D:3      | Reached skill level 4 in Maces & Flails
  2853 | D:3      | Found a shattered altar of Ashenzari.
  2853 | D:3      | Found a glowing golden altar of the Shining One.
  2855 | D:3      | Found a shimmering altar of Xom.
  2856 | D:3      | Found a snail-covered altar of Cheibriados.
  2962 | D:3      | Became a worshipper of the Shining One
  2997 | D:4      | Noticed Sigmund
  3048 | D:4      | Killed Sigmund
  3048 | D:4      | Reached skill level 5 in Fighting
  3048 | D:4      | Reached skill level 5 in Maces & Flails
  3048 | D:4      | Reached XP level 6. HP: 9/40 MP: 6/6
  3420 | D:4      | Found an ancient bone altar of Kikubaaqudgha.
  3482 | D:4      | Found a staircase to the Ecumenical Temple.
  3507 | D:4      | Reached XP level 7. HP: 36/44 MP: 7/7
  3635 | D:4      | Reached skill level 6 in Maces & Flails
  3999 | D:4      | Reached * piety under the Shining One
  4065 | D:4      | Got an ichor-stained quarterstaff
  4101 | D:4      | Found a burning altar of Makhleb.
  4103 | D:4      | Found a white marble altar of Elyvilon.
  4103 | D:4      | Found a burning altar of Makhleb.
  4105 | D:4      | Found a shattered altar of Ashenzari.
  4105 | D:4      | Found a basalt altar of Yredelemnul.
  4105 | D:4      | Found a shimmering altar of Xom.
  4370 | D:5      | Entered Level 5 of the Dungeon
  4398 | D:5      | Reached skill level 7 in Maces & Flails
  4425 | D:5      | Reached skill level 1 in Invocations
  4425 | D:5      | Reached XP level 8. HP: 31/52 MP: 8/8
  4588 | D:5      | Found a sparkling altar of Nemelex Xobeh.
  4615 | D:5      | Found a transporter.
  4619 | D:5      | Found a transporter.
  4621 | D:5      | Noticed Delarado's ghost (novice DEFE)
  4737 | D:5      | Found Fopyh's Gadget Shop.
  4745 | D:5      | Found Tiamep's Armour Boutique.
  4836 | D:5      | Found a sparkling altar of Nemelex Xobeh.
  5987 | D:5      | Incinerated by Delarado's ghost

Skill      XL: |  1  2  3  4  5  6  7  8 |
---------------+-------------------------+-----
Maces & Flails | 3 5 7 |  7.9
Fighting       | 4 5 6 |  6.8
Invocations    | 1 2 |  2.5
Armour         | |  3.5
Dodging        | |  0.1
Shields        | |  3.4

Action                   |  1- 3 |  4- 6 |  7- 9 || total
-------------------------+-------+-------+-------++-------
Melee: Flail             |   152 |   259 |   173 ||   584
  Use: Scroll            |       |       |     7 ||     7
       Potion            |       |       |     2 ||     2
  Eat: Chunk             |     2 |     5 |     2 ||     9
       Ration            |       |     1 |     2 ||     3
Armor: Scale mail        |    74 |   133 |    99 ||   306
Dodge: Dodged            |    49 |    74 |    68 ||   191
Block: Shield            |    74 |   127 |    94 ||   295
